 Dungeon Crawl Stone Soup version 0.30-a0-618-gd6c86c23d0 (webtiles) character file.

Game seed: 11465047217611286355

1054 Armakuni the Conjurer (level 8, 0/62 HPs)
             Began as a Human Wanderer on Jan 9, 2023.
             Was an Initiate of Gozag.
             Slain by Pikel
             ... wielding a +1 whip of flaming
              (1 damage)
             ... on level 4 of the Dungeon.
             The game lasted 00:11:49 (5760 turns).

Armakuni the Conjurer (Human Wanderer)              Turns: 5760, Time: 00:11:50

Health: 0/62       AC:  4    Str: 12    XL:     8   Next: 51%
Magic:  23/23      EV: 11    Int: 15    God:    Gozag
Gold:   266        SH:  0    Dex: 13    Spells: 9/15 levels left

rFire   . . .      SeeInvis +    a - +3 mace
rCold   + + .      Faith    .    (no shield)
rNeg    + . .      Spirit   .    d - +0 robe
rPois   .          Reflect  .    b - +1 helmet
rElec   .          Harm     .    (no cloak)
rCorr   .          Rampage  .    (no gloves)
Will    .....                    (no boots)
Stlth   +                        (no amulet)
HPRegen 0.30/turn                J - ring of protection from cold
MPRegen 0.18/turn                I - ring "Senaph" {rC+ rN+ MP+9 SInv}

@: mighty, attractive
A: no striking features
a: Renounce Religion, Potion Petition, Call Merchant, Bribe Branch


You were on level 4 of the Dungeon.
You worshipped Gozag.
Gozag was aware of your devotion.
You visited 2 branches of the dungeon, and saw 6 of its levels.

You collected 343 gold pieces.
You paid 77 gold pieces to Gozag.

Inventory:

Hand Weapons
 a - a +3 mace (weapon)
 l - a +0 quarterstaff of flaming
 n - a +0 shortbow
Armour
 b - a +1 helmet (worn)
 d - a +0 robe (worn)
Jewellery
 I - the ring "Senaph" (right hand) {rC+ rN+ MP+9 SInv}
   (You found it on level 4 of the Dungeon)

   [ring of see invisible]

   rC:        It protects you from cold.
   rN:        It protects you from negative energy.
   MP:        It affects your magic capacity (+9).
   SInv:      It lets you see invisible.
 J - a ring of protection from cold (left hand)
Wands
 v - a wand of flame (35)
Scrolls
 h - a scroll of immolation
 k - a scroll of amnesia
 m - 2 scrolls of enchant weapon
Potions
 e - a potion of might
 f - 3 potions of degeneration


   Skills:
 - Level 5.0 Fighting
 - Level 2.0 Maces & Flails
 - Level 1.0 Armour
 - Level 1.0 Dodging
 + Level 4.3 Spellcasting
 + Level 6.9 Conjurations
 - Level 2.0 Air Magic


You had 9 spell levels left.
You knew the following spells:

 Your Spells              Type           Power      Damage    Failure   Level
a - Shock                 Conj/Air       64%        1d7       2%          1
s - Iskenderun's Battles  Conj           24%        2d8       28%         5

Your spell library contained the following spells:

 Spells                   Type           Power      Damage    Failure   Level
 Magic Dart               Conj           96%        1d7       1%          1
 Static Discharge         Conj/Air       32%        2-4/arc   4%          2
 Mephitic Cloud           Conj/Pois/Air  12%        N/A       16%         3
 Necrotise                Necr           12%        1d4       19%         1
 Sting                    Tmut/Pois      12%        1d3       19%         1
 Poisonous Vapours        Pois/Air       12%        N/A       19%         2
 Swiftness                Air            9%         N/A       22%         3
 Call Imp                 Summ           3%         N/A       26%         2
 Vhi's Electric Charge    Tloc/Air       12%        N/A       34%         3
 Gell's Gravitas          Tloc           3%         N/A       47%         3
 Teleport Other           Tloc           3%         N/A       47%         3
 Vampiric Draining        Necr           3%         2d6       47%         3
 Arcjolt                  Conj/Air       8%         1d18      61%         5
 Lightning Bolt           Conj/Air       8%         1d20      61%         5
 Fireball                 Conj/Fire      6%         3d5       75%         5
 Olgreb's Toxic Radiance  Pois           3%         N/A       87%         4
 Agony                    Necr           3%         N/A       99%         5
 Conjure Ball Lightning   Conj/Air       8%         3x3d6     99%         6
 Dispersal                Tloc           1%         N/A       100%        6
 Orb of Destruction       Conj           12%        9d7       100%        7


Dungeon Overview and Level Annotations

Branches:
Dungeon (5/15)             Temple (1/1) D:4

Altars:
Ashenzari
Cheibriados
Dithmenos
Elyvilon
Gozag
Hepliaklqana
Kikubaaqudgha
Nemelex Xobeh
Okawaru
Ru
Sif Muna
Trog
Vehumet
Wu Jian
Xom
Yredelemnul
Zin
The Shining One

Annotations:
D:4 Pikel
D:5 Edmund


Message History

Unknown command.
It was a potion of attraction.
You feel attractive to monsters.
Pikel hits you with a +1 whip of flaming.
* * * LOW HITPOINT WARNING * * *
Pikel burns you.
* * * LOW HITPOINT WARNING * * *
It was a potion of magic.
Magic courses through your body.
Pikel hits you with a +1 whip of flaming.
* * * LOW HITPOINT WARNING * * *
Pikel burns you.
* * * LOW HITPOINT WARNING * * *
Okay, then.
Okay, then.
Unknown command.
Okay, then.
Unknown command.
You closely miss Pikel.
Pikel is moderately wounded.
Pikel barely misses you.
Pikel hits you with a +1 whip of flaming.
* * * LOW HITPOINT WARNING * * *
Pikel burns you.
* * * LOW HITPOINT WARNING * * *
You hit Pikel.
Pikel is moderately wounded.
Pikel hits you with a +1 whip of flaming.
* * * LOW HITPOINT WARNING * * *
Pikel burns you.
* * * LOW HITPOINT WARNING * * *
You hit Pikel.
Pikel is moderately wounded.
Pikel completely misses you.
You closely miss Pikel.
Pikel is moderately wounded.
Pikel hits you with a +1 whip of flaming.
* * * LOW HITPOINT WARNING * * *
Pikel burns you.
You die...
Your body crumbles into a pile of gold.

...#.....#.....#...#
...+.....#.....'...#
...#.....'.....#...#
[.##.....#.....#...#
..##.....#.....#...#
####.....#.....#...#
.........#.....#§§§#
.........#.....#§§§#
#.......8#.....#@§§#
#..#....>#.....#K§§#
...#####8#.....###§#
#.## ###.....#...#
#.# #.....#...# ..#
#.....#...# .##
#.....#...# ##
#.....#...#
#.....#...#


You could see Pikel.

Vanquished Creatures
  Grinder (D:3)
  Sigmund (D:3)
  3 ogres (D:4)
  A centaur (D:4)
  A necrophage (D:4)
  2 scorpions
  Ijyb (D:3)
  An iguana (D:4)
  6 adders
  2 dart slugs
  7 ball pythons
  3 bats
  9 endoplasms
  2 giant cockroaches
  7 goblins
  4 hobgoblins
  3 jackals (D:4)
  3 quokkas
  A frilled lizard (D:2)
  5 kobolds
  5 rats
68 creatures vanquished.

Notes
Turn   | Place    | Note
-------+----------+-------------------------------------------
     0 | D:1      | Armakuni the Human Wanderer began the quest for the Orb.
     0 | D:1      | Armakuni set off with the following items: a +2 mace, a +0
                  | helmet, a potion of invisibility, a +0 robe; and the
                  | following spell memorised: Shock; and the following spells
                  | available to memorise: Swiftness.
     0 | D:1      | Reached XP level 1. HP: 18/18 MP: 2/2
   222 | D:1      | Reached XP level 2. HP: 15/24 MP: 1/3
   383 | D:1      | Reached skill level 1 in Conjurations
  1285 | D:2      | Reached XP level 3. HP: 29/29 MP: 0/4
  2128 | D:2      | Reached skill level 2 in Conjurations
  2128 | D:2      | Reached XP level 4. HP: 29/37 MP: 5/5
  2626 | D:3      | Noticed Ijyb
  2629 | D:3      | Paralysed by Ijyb for 5 turns
  2663 | D:3      | Killed Ijyb
  2810 | D:3      | Noticed Sigmund
  2823 | D:3      | Killed Sigmund
  2824 | D:3      | Reached skill level 5 in Fighting
  2824 | D:3      | Reached skill level 4 in Conjurations
  2824 | D:3      | Reached XP level 5. HP: 44/44 MP: 6/6
  2824 | D:3      | Reached XP level 6. HP: 51/51 MP: 7/7
  2859 | D:3      | Noticed Grinder
  3211 | D:4      | Learned a level 5 spell: Iskenderun's Battlesphere
  3212 | D:4      | Noticed an ogre
  3230 | D:3      | Paralysed by Grinder for 3 turns
  3254 | D:3      | Killed Grinder
  3255 | D:3      | Reached skill level 5 in Conjurations
  3255 | D:3      | Reached XP level 7. HP: 22/56 MP: 1/10
  4289 | D:4      | Reached skill level 6 in Conjurations
  4410 | D:4      | Found a staircase to the Ecumenical Temple.
  4429 | D:4      | Reached XP level 8. HP: 46/62 MP: 8/13
  4486 | Temple   | Entered the Ecumenical Temple
  4608 | Temple   | Became a worshipper of Gozag Ym Sagoz the Greedy
  4669 | D:5      | Entered Level 5 of the Dungeon
  5013 | D:4      | Identified the ring "Senaph" {rC+ rN+ MP+9 SInv}
  5413 | D:5      | Noticed Pikel
  5674 | D:5      | Noticed Edmund
  5752 | D:4      | HP: 3/62 [Pikel/+1 whip of flaming (2)]
  5760 | D:4      | HP: 1/62 [Pikel/+1 whip of flaming (3)]
  5760 | D:4      | Slain by Pikel

Illustrated notes

Levels and vault maps discovered:
D:1:      beargit_arrival_diablo_church, layout_basic,
          hangedman_abyss_or_decor_lesser_grid
D:2:      layout_basic
D:3:      layout_loops_corners, uniq_sigmund, uniq_grinder, uniq_ijyb
D:4:      layout_gridville, temple_statues, minmay_misc_feat_iff,
          minmay_misc_feat_enclosed, minmay_checkerbox
D:5:      layout_basic, uniq_edmund, uniq_pikel
Temple:   compressed_dpeg_circular_temple

Skill      XL: |  1  2  3  4  5  6  7  8 |
---------------+-------------------------+-----
Conjurations   | 1 2 4 5 6 |  6.9
Fighting       | 4 5 |  5.0
Spellcasting   | 2 3 4 |  4.3
Maces & Flails | |  2.0
Armour         | |  1.0
Dodging        | |  1.0
Air Magic      | |  2.0

Action                   |  1- 3 |  4- 6 |  7- 9 || total
-------------------------+-------+-------+-------++-------
Melee: Mace              |    48 |    55 |    85 ||   188
       Punch             |       |       |     1 ||     1
 Cast: Shock             |    49 |    28 |    51 ||   128
Evoke: Wand              |       |     7 |     1 ||     8
  Use: Scroll            |     5 |     5 |     4 ||    14
       Potion            |       |     5 |     9 ||    14
 Stab: Paralysed         |       |     7 |       ||     7
       Invisible         |       |     1 |       ||     1
Armor: Robe              |    22 |    11 |    40 ||    73
Dodge: Dodged            |    30 |    47 |    99 ||   176

Table legend: (Time is in decaauts)
 A = Elapsed time spent in this place.
 B = Non-inter-level travel time spent in this place.
 C = Inter-level travel time spent in this place.
 D = Time resting spent in this place.
 E = Time spent auto-exploring this place.
 F = Levels seen in this place.
 G = Mean time per level.
                   A        B        C        D        E       F      G
               +--------+--------+--------+--------+--------+-----+--------+
         Total |   5779 |   5521 |    258 |   1377 |   3067 |   6 |  963.2 |
       Dungeon |   5623 |   5397 |    226 |   1377 |   2983 |   5 | 1124.6 |
        Temple |    155 |    123 |     32 |      0 |     84 |   1 |  155.0 |
               +--------+--------+--------+--------+--------+-----+--------+

Top non-repeatable levels by time:
     D:4: 1575 daAuts
     D:2: 1366 daAuts
     D:3: 1294 daAuts
     D:1: 1280 daAuts
  Temple: 155 daAuts
     D:5: 106 daAuts
